Workbook
Name Currency: #REF!
Name Currency: List!$A$1:$A$165
Name partner: List!$C$17:$C$23
Name product: List!$C$4:$C$7
Name savingsproducts: List!$C$9:$C$15
Name service: List!$C$5:$C$7
Name services: #REF!
Name Type: #REF!
Name Yes: List!$C$1:$C$2
Name YesBut: #REF!
Name YN: #REF!

Sheet Mobile Savings and Credit
L1: Yes | P1: AED - United Arab Emirates Dirham
B2: Credit and Savings enabled by Mobile Money 2016 Global Adoption Survey | L2: No | P2: AFN - Afghanistan Afghani
P3: ALL - Albania Lek
L4: Yes, savings product | P4: AMD - Armenia Dram
L5: Yes, investments product | P5: ANG - Netherlands Antilles Guilder
B6: In this questionnaire, participants are asked to report data for 4 months of the year: September 2015, December 2015, March 2016 and June 2016. Please provide numbers for each of these months, not for the full quarter. | L6: Yes, pension product | P6: AOA - Angola Kwanza
L7: No, but I am planning to launch it within the next year | P7: ARS - Argentina Peso
B8: MOBILE MONEY ENABLED SAVINGS | L8: No and I am not planning to launch it within the next year | P8: AUD - Australia Dollar
P9: AWG - Aruba Guilder
B10: Saving enabled by mobile money uses the mobile money account to provide dedicated savings facilities. Also included under Savings enabled by Money Money: • Mobile investments uses the mobile phone to provide investment facilities (e.g. in government bonds) • Mobile pensions refers to uses the mobile phone to provide pension savings facilities Savings services who meet the following criteria are eligible to participate in the survey: • To use the service the customer must have a mobile money account. • The savings service allows subscribers to save money in a dedicated account that provides principal security and in some cases, an interest rate. • The customer should be able to store value electronically in the savings account, and be able to transfer funds from/to a mobile money account. • The savings product should be technically integrated with the mobile money account, and rely heavily on mobile technology throughout the customer journey. • Services where the mobile phone is just another channel to access a traditional savings accounts should not be included. • The service must be available for customers on any types of mobile device (including smartphones apps). | L10: Group savings product | P10: AZN - Azerbaijan New Manat
L11: Locked savings product where the customer commits to save for a specific period of time | P11: BAM - Bosnia and Herzegovina Convertible Marka
B12: Savings enabled by Mobile Money: whilst we recognise that mobile money accounts can be used for cash storage, this questionnaire is specificly for dedicated savings account. If you have multiple savings products, please complete one questionnaire per product | L12: Investment product where customers can purchase government bonds or similar assets | P12: BBD - Barbados Dollar
L13: Pension saving | P13: BDT - Bangladesh Taka
L14: Savings account separate to the mobile money account | P14: BGN - Bulgaria Lev
L15: Targeted savings account for a specific purpose (e.g. health care, school fees, etc.) | P15: BHD - Bahrain Dinar
B16: General information | L16: Multiple options mentioned above | P16: BIF - Burundi Franc
L17: Other | P17: BMD - Bermuda Dollar
B18: Do you offer a savings, pension or investment enabled mobile money product? | J18: =C18 -> 0 | P18: BND - Brunei Darussalam Dollar
L19: Bank | P19: BOB - Bolivia Boliviano
B20: Country | J20: =C20 -> 0 | L20: MFI | M20: Bank | P20: BRL - Brazil Real
B21: Name of your organisation | J21: =C21 -> 0 | L21: Technical provider | M21: MFI | P21: BSD - Bahamas Dollar
B22: Name of your mobile savings, pension or investment product or mobile money service | J22: =C22 -> 0 | L22: Government | M22: Technical provider | P22: BTN - Bhutan Ngultrum
B23: Currency values reported in (please select from list) | J23: =C23 -> 0 | L23: Insurance company | M23: Government | P23: BWP - Botswana Pula
B24: Which company is your primary partner in offering mobile insurance? | J24: =C24 -> 0 | L24: NGO | M24: Insurance company | P24: BYR - Belarus Ruble
B25: What type of company is it? | J25: =C25 -> 0 | L25: Other | M25: Mobile Money Service provider | P25: BZD - Belize Dollar
B26: Why did you choose to partner with this company | J26: =C26 -> 0 | M26: NGO | P26: CAD - Canada Dollar
J27: =C27 -> 0 | L27: Regulatory compliance | M27: Other | P27: CDF - Congo/Kinshasa Franc
B28: Product information | J28: =C28 -> 0 | L28: Technical capabilities | P28: CHF - Switzerland Franc
J29: =C29 -> 0 | L29: Special knowledge of customer segment | P29: CLP - Chile Peso
B30: Date of launch (dd/mm/yyyy) | J30: =C30 -> 0 | L30: Innovative and new company | P30: CNY - China Yuan Renminbi
B31: What type of savings account is it? | J31: =C31 -> 0 | L31: To strengthen the overall product offering | P31: COP - Colombia Peso
J32: =C32 -> 0 | L32: Distribution | P32: CRC - Costa Rica Colon
B33: If you offer special incentives to encourage customers to save, please tick the boxes to indicate what kind of incentives you offer: | J33: =C33 -> 0 | L33: Access to a new target segment | P33: CUC - Cuba Convertible Peso
J34: =C34 -> 0 | L34: Other | P34: CUP - Cuba Peso
J35: =C35 -> 0 | P35: CVE - Cape Verde Escudo
B36: Do the savings accounts offered bear interest? | J36: =C36 -> 0 | L36: Agent credit | P36: CZK - Czech Republic Koruna
J37: =C37 -> 0 | L37: Merchant credit | P37: DJF - Djibouti Franc
B38: If yes, how much interest annually on average? | J38: =C38 -> 0 | L38: Emergency loan | P38: DKK - Denmark Krone
J39: =C39 -> 0 | L39: Payday loans | P39: DOP - Dominican Republic Peso
B40: What is your target customer segment for this product? | J40: =C40 -> 0 | K40: =COUNTIF(Sheet1!U5:AA5, TRUE) -> 0 | L40: Other | P40: DZD - Algeria Dinar
B41: Choose up to three answers | J41: =C41 -> 0 | K41: Please select three answers or less | P41: EGP - Egypt Pound
J42: =C42 -> 0 | L42: Bank/MFI | P42: ERN - Eritrea Nakfa
B43: What are the primary drivers behind deciding to offer a mobile saving / investment service? | J43: =C43 -> 0 | K43: =COUNTIF(Sheet1!AC5:AI5, TRUE) -> 0 | L43: Credit scoring specialist | P43: ETB - Ethiopia Birr
B44: Choose up to three answers | I44: Bananas | J44: =C44 -> 0 | K44: Please select three answers or less | L44: In-house credit scoring | P44: EUR - Euro Member Countries
J45: =C45 -> 0 | L45: There is no credit scoring | P45: FJD - Fiji Dollar
J46: =C46 -> 0 | L46: Other | P46: FKP - Falkland Islands (Malvinas) Pound
C47: 42248 | E47: 42339 | G47: 42430 | I47: 42522 | J47: =C47 -> 42248
B48: Number of savings accounts that have been opened (cumulative total) | J48: =C48 -> 0 | L48: Yes, customer become more loyal and churn less after lending | P48: GBP - United Kingdom Pound
B49: Number of new savings account that have been opened this month | J49: =C49 -> 0 | L49: No, there is no effect on customer churn | P49: GEL - Georgia Lari
B50: What's the average account balance at the end of the month? | J50: =C50 -> 0 | L50: It's too early to tell | P50: GGP - Guernsey Pound
J51: =C51 -> 0 | L51: Don't know | P51: GHS - Ghana Cedi
B52: Does your service offer a smartphone app for customers to manage the savings account? | J52: =C52 -> 0 | P52: GIP - Gibraltar Pound
J53: =C53 -> 0 | L53: Yes | P53: GMD - Gambia Dalasi
B54: Are you planning to launch more savings, pension or investment products next year? | J54: =C54 -> 0 | L54: No | P54: GNF - Guinea Franc
J55: =C55 -> 0 | L55: Undecided | P55: GTQ - Guatemala Quetzal
J56: =C56 -> 0 | P56: GYD - Guyana Dollar
B57: MOBILE MONEY ENABLED CREDIT | J57: =C57 -> 0 | L57: Yes, there is a smartphone app | P57: HKD - Hong Kong Dollar
J58: =C58 -> 0 | L58: Yes, the product is only available on a smartphone app | P58: HNL - Honduras Lempira
B59: Mobile Money enabled credit uses the mobile phone to provide micro-credit to customers. Mobile credit services who meet the following criteria are eligible to participate in the survey: • The service allows subscribers to borrow a certain amount of money that they agree to repay within a specified period of time. • To use the service, the customer must have a mobile money account. • Customers can be mobile money agents, mobile money users, or merchants accepting mobile money transactions • The loan must be disbursed and repaid electronically directly to/from the mobile money account. Services which offer collateralised lease-to-own assets, such as solar home systems, are not included. • The credit service should be technically integrated with the mobile money account and rely heavily on mobile technology throughout the customer journey. • Services where the mobile phone is used as just another channel to access a traditional credit product should not be included. • The service must be available for customers on any types of mobile device (including smartphones apps). | J59: =C59 -> 0 | L59: No, but we are planning to launch a smartphone app the next 12 months | P59: HRK - Croatia Kuna
B60: If you have multiple products, please complete one questionnaire per product | J60: =C60 -> 0 | L60: No, we are not planning to launch a smartphone app | P60: HTG - Haiti Gourde
B61: General information | J61: =C61 -> 0 | P61: HUF - Hungary Forint
J62: =C62 -> 0 | L62: Yes | P62: IDR - Indonesia Rupiah
B63: Do you offer mobile money enabled credit? | J63: =C63 -> 0 | L63: No, but we are planning to launch within six months | P63: ILS - Israel Shekel
J64: =C64 -> 0 | L64: No | P64: IMP - Isle of Man Pound
B65: Country | J65: =C65 -> 0 | P65: INR - India Rupee
B66: Name of your organisation | J66: =C66 -> 0 | L66: Yes, customers transact more | P66: IQD - Iraq Dinar
B67: Name of your mobile credit service: | J67: =C67 -> 0 | L67: No, there is no effect on transaction volumes | P67: IRR - Iran Rial
B68: Currency values reported in (please select from list) | J68: =C68 -> 0 | L68: It's too early to tell | P68: ISK - Iceland Krona
B69: Name of the partner companies(s) you work with to offer this product | J69: =C69 -> 0 | L69: Don't know | P69: JEP - Jersey Pound
B70: What type of company is this/ what type of companies are these? | J70: =C70 -> 0 | P70: JMD - Jamaica Dollar
J71: =G71 -> 0 | P71: JOD - Jordan Dinar
J72: =C72 -> 0 | P72: JPY - Japan Yen
B73: Product information | J73: =C73 -> 0 | P73: KES - Kenya Shilling
J74: =C74 -> 0 | P74: KGS - Kyrgyzstan Som
B75: Date of launch (dd/mm/yyyy) | J75: =C75 -> 0 | P75: KHR - Cambodia Riel
B76: Type of credit product | J76: =C76 -> 0 | P76: KMF - Comoros Franc
J77: =C77 -> 0 | P77: KPW - Korea (North) Won
B78: What is the target customer segment for this product? | J78: =C78 -> 0 | P78: KRW - Korea (South) Won
J79: =G79 -> 0 | P79: KWD - Kuwait Dinar
J80: =C80 -> 0 | P80: KYD - Cayman Islands Dollar
B81: What are the primary drivers behind deciding to offer mobile credit product? | J81: =C81 -> 0 | P81: KZT - Kazakhstan Tenge
J82: =I82 -> 0 | P82: LAK - Laos Kip
J83: =C83 -> 0 | P83: LBP - Lebanon Pound
B84: What kind of data do you use to credit score your customers? | J84: =C84 -> 0 | P84: KZT - Kazakhstan Tenge
J85: =C85 -> 0 | P85: LAK - Laos Kip
J86: =G86 -> 0 | P86: LKR - Sri Lanka Rupee
J87: =C87 -> 0 | P87: LRD - Liberia Dollar
B88: Do you see evidence that customers become more loyal after using the credit service? | J88: =C88 -> 0 | P88: LSL - Lesotho Loti
J89: =C89 -> 0 | P89: LTL - Lithuania Litas
B90: Do you see evidence of increased volumes of mobile money transactions among customers using the credit service? | J90: =C90 -> 0 | P90: LVL - Latvia Lat
J91: =C91 -> 0 | P91: LYD - Libya Dinar
J92: =C92 -> 0 | P92: MAD - Morocco Dirham
C93: 42248 | E93: 42339 | G93: 42430 | I93: 42522 | J93: =C93 -> 42248 | P93: MDL - Moldova Leu
B94: Number of loans disbursed (cumulative) | J94: =C94 -> 0 | P94: MGA - Madagascar Ariary
B95: Number of loans disbursed during the month | J95: =C95 -> 0 | P95: MKD - Macedonia Denar
B96: Value of loans disbursed during the month | J96: =C96 -> 0 | P96: MMK - Myanmar (Burma) Kyat
B97: What % of customers are repeat customers? | J97: =C97 -> 0 | P97: MNT - Mongolia Tughrik
B98: What of % loans are none preforming loans (NPL)? | J98: =C98 -> 0 | P98: MOP - Macau Pataca
J99: =C99 -> 0 | P99: MRO - Mauritania Ouguiya
B100: Does your service offer a smartphone app for customers to manage loans? | J100: =C100 -> 0 | P100: MUR - Mauritius Rupee
...

Sheet Sheet1
A1: SAVING
A2: General information | I2: Product information
K3: If you offer special incentives to encourage customers to save, please tick the boxes to indicate what kind of incentives you offer: | U3: What is your target customer segment for this product? | AC3: What are the primary drivers behind deciding to offer a mobile saving / investment service? | AK3: Number of savings accounts that have been opened (cumulative total) | AO3: Number of new savings account that have been opened this month | AS3: What's the average account balance at the end of the month?
A4: Do you offer a mobile money enabled savings, pension or investment product? | B4: Country | C4: Name of your organisation | D4: Name of your mobile savings, pension or investment product or mobile money service | E4: Currency values reported in (please select from list) | F4: Which company is your primary partner in offering mobile insurance? | G4: What type of company is it? | H4: Why did you choose to partner with this company | I4: Date of launch (dd/mm/yyyy) | J4: What type of savings account is it? | K4: SMS savings tips | L4: Interest rates | M4: Prizes | N4: Free Insurace | O4: Locked savings | P4: Access to credit | Q4: No incentives | R4: Other | S4: Do the savings accounts offered bear interest? | T4: If yes, how much interest on average? | U4: Mass market | V4: Future pensionairs | W4: Women | X4: Savings Groups | Y4: Farmers | Z4: IR | AA4: Other | AB4: Specify | AC4: New customers | AD4: Ecorage MM usage | AE4: Diversify | AF4: Revenue | AG4: New target segments | AH4: Competitors | AI4: Other | AJ4: Specify | AK4: 42248 | AL4: 42339 | AM4: 42430 | AN4: 42522 | AO4: 42248 | AP4: 42339 | AQ4: 42430 | AR4: 42522 | AS4: 42248 | AT4: 42339 | AU4: 42430 | AV4: 42522 | AW4: Does your service offer a smartphone app for customers to manage the savings account? | AX4: Are you planning to launch more savings, pension or investment products next year?
A5: ='Mobile Savings and Credit'!J18 -> 0 | B5: ='Mobile Savings and Credit'!J20 -> 0 | C5: ='Mobile Savings and Credit'!$J$21 -> 0 | D5: ='Mobile Savings and Credit'!$J$22 -> 0 | E5: ='Mobile Savings and Credit'!$J$23 -> 0 | F5: ='Mobile Savings and Credit'!$J$24 -> 0 | G5: ='Mobile Savings and Credit'!$J$25 -> 0 | H5: ='Mobile Savings and Credit'!$J$26 -> 0 | I5: ='Mobile Savings and Credit'!$J$30 -> 0 | J5: ='Mobile Savings and Credit'!$J$31 -> 0 | K5: FALSE | L5: FALSE | M5: FALSE | N5: FALSE | O5: FALSE | P5: FALSE | Q5: FALSE | R5: FALSE | S5: ='Mobile Savings and Credit'!$J$36 -> 0 | T5: ='Mobile Savings and Credit'!C38 -> 0 | U5: FALSE | V5: FALSE | W5: FALSE | X5: FALSE | Y5: FALSE | Z5: FALSE | AA5: FALSE | AB5: ='Mobile Savings and Credit'!I41 -> 0 | AC5: FALSE | AD5: FALSE | AE5: FALSE | AF5: FALSE | AG5: FALSE | AH5: FALSE | AI5: FALSE | AJ5: ='Mobile Savings and Credit'!I44 -> Bananas | AK5: ='Mobile Savings and Credit'!C48 -> 0 | AL5: ='Mobile Savings and Credit'!E48 -> 0 | AM5: ='Mobile Savings and Credit'!G48 -> 0 | AN5: ='Mobile Savings and Credit'!I48 -> 0 | AO5: ='Mobile Savings and Credit'!C49 -> 0 | AP5: ='Mobile Savings and Credit'!E49 -> 0 | AQ5: ='Mobile Savings and Credit'!G49 -> 0 | AR5: ='Mobile Savings and Credit'!I49 -> 0 | AS5: ='Mobile Savings and Credit'!C50 -> 0 | AT5: ='Mobile Savings and Credit'!E50 -> 0 | AU5: ='Mobile Savings and Credit'!G50 -> 0 | AV5: ='Mobile Savings and Credit'!I50 -> 0 | AW5: ='Mobile Savings and Credit'!J52 -> 0 | AX5: ='Mobile Savings and Credit'!J54 -> 0
A8: CREDIT | N8: Product information
G9: What type of company is this/ what type of companies are these? | P9: What is the target customer segment for this product? | W9: What are the primary drivers behind deciding to offer mobile credit product? | AE9: What kind of data do you use to credit score your customers? | AR9: Number of loans disbursed (cumulative) | AV9: Number of loans disbursed during the month | AZ9: Value of loans disbursed during the month | BD9: What % of customers are repeat customers? | BH9: What of % loans are none preforming loans (NPL)?
A10: Do you offer mobile money enabled credit? | B10: Country | C10: Name of your organisation | D10: Name of your mobile credit service: | E10: Currency values reported in (please select from list) | F10: Name of the partner companies(s) you work with to offer this product | G10: Bank | H10: MFI | I10: Credit scoring specilist | J10: Technical partner | K10: No partners involved | L10: Others | M10: Specify | N10: Date of launch (dd/mm/yyyy) | O10: Type of credit product | P10: Mass market | Q10: Women | R10: Merchant | S10: Agents | T10: Farmers | U10: Others | V10: Specify | W10: New customers | X10: MM usage | Y10: Agent liquidity mng | Z10: Revenue | AA10: Merhcants | AB10: Comptetiors | AC10: Others | AD10: Specify | AE10: CDR | AF10: transaction data | AG10: DLD | AH10: prepaid | AI10: Social media | AJ10: Repayment | AK10: Agent/merchant | AL10: Reg data | AM10: saved | AN10: other | AO10: specify | AP10: Loyalty | AQ10: transactions | AR10: 42248 | AS10: 42339 | AT10: 42430 | AU10: 42522 | AV10: 42248 | AW10: 42339 | AX10: 42430 | AY10: 42522 | AZ10: 42248 | BA10: 42339 | BB10: 42430 | BC10: 42522 | BD10: 42248 | BE10: 42339 | BF10: 42430 | BG10: 42522 | BH10: 42248 | BI10: 42339 | BJ10: 42430 | BK10: 42522 | BL10: App | BM10: More next year
A11: ='Mobile Savings and Credit'!J63 -> 0 | B11: ='Mobile Savings and Credit'!J65 -> 0 | C11: ='Mobile Savings and Credit'!J66 -> 0 | D11: ='Mobile Savings and Credit'!J67 -> 0 | E11: ='Mobile Savings and Credit'!J68 -> 0 | F11: ='Mobile Savings and Credit'!J69 -> 0 | G11: FALSE | H11: FALSE | I11: FALSE | J11: FALSE | K11: FALSE | L11: FALSE | M11: ='Mobile Savings and Credit'!J71 -> 0 | N11: ='Mobile Savings and Credit'!J75 -> 0 | O11: ='Mobile Savings and Credit'!J76 -> 0 | P11: FALSE | Q11: FALSE | R11: FALSE | S11: FALSE | T11: FALSE | U11: FALSE | V11: ='Mobile Savings and Credit'!J79 -> 0 | W11: FALSE | X11: FALSE | Y11: FALSE | Z11: FALSE | AA11: FALSE | AB11: FALSE | AC11: FALSE | AD11: ='Mobile Savings and Credit'!J82 -> 0 | AE11: FALSE | AF11: FALSE | AG11: FALSE | AH11: FALSE | AI11: FALSE | AJ11: FALSE | AK11: FALSE | AL11: FALSE | AM11: FALSE | AN11: FALSE | AO11: ='Mobile Savings and Credit'!J86 -> 0 | AP11: ='Mobile Savings and Credit'!J88 -> 0 | AQ11: ='Mobile Savings and Credit'!J90 -> 0 | AR11: ='Mobile Savings and Credit'!C94 -> 0 | AS11: ='Mobile Savings and Credit'!E94 -> 0 | AT11: ='Mobile Savings and Credit'!G94 -> 0 | AU11: ='Mobile Savings and Credit'!I94 -> 0 | AV11: ='Mobile Savings and Credit'!C95 -> 0 | AW11: ='Mobile Savings and Credit'!E95 -> 0 | AX11: ='Mobile Savings and Credit'!G95 -> 0 | AY11: ='Mobile Savings and Credit'!I95 -> 0 | AZ11: ='Mobile Savings and Credit'!C96 -> 0 | BA11: ='Mobile Savings and Credit'!E95 -> 0 | BB11: ='Mobile Savings and Credit'!G96 -> 0 | BC11: ='Mobile Savings and Credit'!I96 -> 0 | BD11: ='Mobile Savings and Credit'!C97 -> 0 | BE11: ='Mobile Savings and Credit'!E97 -> 0 | BF11: ='Mobile Savings and Credit'!G97 -> 0 | BG11: ='Mobile Savings and Credit'!I97 -> 0 | BH11: ='Mobile Savings and Credit'!C98 -> 0 | BI11: ='Mobile Savings and Credit'!E98 -> 0 | BJ11: ='Mobile Savings and Credit'!G98 -> 0 | BK11: ='Mobile Savings and Credit'!I98 -> 0 | BL11: ='Mobile Savings and Credit'!J100 -> 0 | BM11: ='Mobile Savings and Credit'!J102 -> 0

Sheet List
A1: AED - United Arab Emirates Dirham | C1: Yes
A2: AFN - Afghanistan Afghani | C2: No
A3: ALL - Albania Lek
A4: AMD - Armenia Dram | C4: Yes, mobile savings product
A5: ANG - Netherlands Antilles Guilder | C5: Yes, mobile investments product
A6: AOA - Angola Kwanza | C6: No but I am planning to launch it within the next year
A7: ARS - Argentina Peso | C7: No and I am not planning to launch it within the next year
A8: AUD - Australia Dollar
A9: AWG - Aruba Guilder | C9: Group savings product
A10: AZN - Azerbaijan New Manat | C10: Locked savings product where the customer committs to save for a specific period of time
A11: BAM - Bosnia and Herzegovina Convertible Marka | C11: Investment product where customers can purchase government bonds or similar assets
A12: BBD - Barbados Dollar | C12: Savings account separate to the mobile money account
A13: BDT - Bangladesh Taka | C13: Targeted savings account for a specific purpose (e.g. health care, school fees, etc)
A14: BGN - Bulgaria Lev | C14: Mulitple options mentioned above
A15: BHD - Bahrain Dinar | C15: Other
A16: BIF - Burundi Franc
A17: BMD - Bermuda Dollar | C17: Bank
A18: BND - Brunei Darussalam Dollar | C18: MFI
A19: BOB - Bolivia Boliviano | C19: Technical provider
A20: BRL - Brazil Real | C20: Government
A21: BSD - Bahamas Dollar | C21: Insurance company
A22: BTN - Bhutan Ngultrum | C22: NGO
A23: BWP - Botswana Pula | C23: Other
A24: BYR - Belarus Ruble
A25: BZD - Belize Dollar | C25: Regulatory compliance
A26: CAD - Canada Dollar | C26: Technical capabilities
A27: CDF - Congo/Kinshasa Franc | C27: Special knowledge of customer segment
A28: CHF - Switzerland Franc | C28: Innovative and new company
A29: CLP - Chile Peso | C29: To strengthen the overall product offering
A30: CNY - China Yuan Renminbi | C30: Distribution
A31: COP - Colombia Peso | C31: Access to a new target segment
A32: CRC - Costa Rica Colon | C32: Other
A33: CUC - Cuba Convertible Peso
A34: CUP - Cuba Peso | C34: Agent credit
A35: CVE - Cape Verde Escudo | C35: Merchant credit
A36: CZK - Czech Republic Koruna | C36: Emergency loan
A37: DJF - Djibouti Franc | C37: Payday loans
A38: DKK - Denmark Krone | C38: Other
A39: DOP - Dominican Republic Peso
A40: DZD - Algeria Dinar | C40: Bank/MFI
A41: EGP - Egypt Pound | C41: Credit scoring specialist
A42: ERN - Eritrea Nakfa | C42: Inhouse credit scoring
A43: ETB - Ethiopia Birr | C43: There is no credit scoring
A44: EUR - Euro Member Countries | C44: Other
A45: FJD - Fiji Dollar
A46: FKP - Falkland Islands (Malvinas) Pound | C46: Yes, customer become more loyal and churn less after len
C47: No, there is no effect on customer churn
A48: GBP - United Kingdom Pound | C48: It's too soon to tell
A49: GEL - Georgia Lari | C49: Don't know
A50: GGP - Guernsey Pound
A51: GHS - Ghana Cedi | C51: Yes
A52: GIP - Gibraltar Pound | C52: No
A53: GMD - Gambia Dalasi | C53: Undecided
A54: GNF - Guinea Franc
A55: GTQ - Guatemala Quetzal | C55: Yes, there is a smartphone app
A56: GYD - Guyana Dollar | C56: No, but we are planning to launch a smartphone app the next six months
A57: HKD - Hong Kong Dollar | C57: No, but we are planning to launch a smartphone app the next 12 months
A58: HNL - Honduras Lempira | C58: No, we are not planning to launch a smartphone app
A59: HRK - Croatia Kuna
A60: HTG - Haiti Gourde | C60: Yes
A61: HUF - Hungary Forint | C61: No, but we are planning to launch within six months
A62: IDR - Indonesia Rupiah | C62: No
A63: ILS - Israel Shekel
A64: IMP - Isle of Man Pound | C64: Yes, customers transact more
A65: INR - India Rupee | C65: No, there is no effect on transactions
A66: IQD - Iraq Dinar | C66: It's too soon to tell
A67: IRR - Iran Rial | C67: Don't know
A68: ISK - Iceland Krona
A69: JEP - Jersey Pound
A70: JMD - Jamaica Dollar
A71: JOD - Jordan Dinar
A72: JPY - Japan Yen
A73: KES - Kenya Shilling
A74: KGS - Kyrgyzstan Som
A75: KHR - Cambodia Riel
A76: KMF - Comoros Franc
A77: KPW - Korea (North) Won
A78: KRW - Korea (South) Won
A79: KWD - Kuwait Dinar
... A165: ZWD - Zimbabwe Dollar

Sheet Definitions
B2: The 2015 Global Mobile Money Adoption Survey
B8: Key definitions
B10: Savings accounts | C10: The cumulative number of savings accounts opened since the launch of the service.
B11: Loans disbursed | C11: The cumulative number of loans disbursed since the launch of the service.
